 Dungeon Crawl Stone Soup version 0.29-a0-284-gf9362112df (webtiles) character file.

Game seed: 13633098249848131058

32 enile the Vandal (level 3, -1/30 HPs)
             Began as a Formicid Hunter on Mar 20, 2022.
             Was a Believer of Lugonu.
             Killed by an exploding goblin (30 damage)
             ... ignited by their inner flame
             ... on level 2 of the Dungeon.
             The game lasted 00:01:19 (963 turns).

enile the Vandal (Formicid Hunter)                   Turns: 963, Time: 00:01:19

Health: -1/30      AC:  3    Str: 17    XL:     3   Next: 42%
Magic:  3/3        EV: 11    Int:  8    God:    Lugonu [**....]
Gold:   47         SH:  0    Dex: 14    Spells: 2/2 levels left

rFire   . . .      SeeInvis +   a - +1 hunting sling
rCold   . . .      Faith    .   (no shield)
rNeg    . . .      Spirit   .   b - +0 leather armour
rPois   .          Reflect  .   (helmet unavailable)
rElec   .          Harm     .   (no cloak)
rCorr   .          Rampage  .   (no gloves)
Will    .....                   (no boots)
Stlth   +.........              (no amulet)
HPRegen 0.10/turn               (no ring)
MPRegen 0.08/turn               (no ring)

@: no status effects
A: permanent stasis, dig shafts and tunnels, antennae 3, four strong arms
a: Dig, Shaft Self, Renounce Religion, Depart the Abyss, Bend Space


You were on level 2 of the Dungeon.
You worshipped Lugonu.
Lugonu was pleased with you.
You visited 1 branch of the dungeon, and saw 2 of its levels.

You collected 47 gold pieces.

Inventory:

Hand Weapons
 a - a +1 hunting sling (weapon)
Armour
 b - a +0 leather armour (worn)
Scrolls
 d - a scroll of enchant armour {unknown}
 f - 2 scrolls of identify {unknown}
 i - 2 scrolls of teleportation {unknown}
Potions
 e - a potion of curing {unknown}
 g - a potion of mutation {unknown}
 h - a potion of attraction {unknown}


   Skills:
 + Level 4.0 Fighting
 - Level 4.3 Slings
 - Level 1.7 Dodging
 - Level 1.2 Stealth


You had 2 spell levels left.
You didn't know any spells.
Your spell library was empty.

Dungeon Overview and Level Annotations

Branches:
Dungeon (2/15)

Altars:
Lugonu

Annotations:
D:2 Robin


Innate Abilities, Weirdness & Mutations

You cannot be hasted, slowed, berserked, paralysed or teleported.
You can dig through walls and to a lower floor.
You have a pair of large antennae on your head. (SInv)
Your four strong arms can wield two-handed weapons with a shield.


Message History

You can't go down here!
The goblin completely misses you.
You climb upwards.
There is a stone staircase leading down here.
You shoot a sling bullet. The sling bullet hits the goblin!
You kill the goblin!
Lugonu accepts your kill.
Your Fighting skill increases to level 4!
No target in view!
No target in view!
You start resting.
HP restored.
You climb downwards.
Level annotation: Robin The goblin hits you with a +0 club.
There is a stone staircase leading up here.
As you read the scroll of immolation, it crumbles to dust.
The creatures around you are filled with an inner flame!
The goblin hits you but does no damage.
Non-targeted abil: Dig
Press: ? - help, Q - select action, (/) - cycle Dir - look around, f - activate You extend your mandibles.
Non-targeted abil: Dig
Press: ? - help, Q - select action, (/) - cycle Dir - look around, f - activate
Okay, then.
Fire: a) +1 hunting sling
Press: ? - help, Q - select action, (/) - cycle Shift-Dir - straight line, f - goblin
Aim: a goblin, wielding a +0 dagger (inner flame, 55% to hit)
You shoot a sling bullet. The sling bullet hits the goblin.
Flame seeps out of the goblin.
The goblin is heavily wounded.
The goblin hits you but does no damage.
The goblin is engulfed in blazing flames.
Lugonu accepts your kill.
The goblin explodes!
The fiery explosion engulfs the goblin!!
Lugonu accepts your kill. The fiery explosion engulfs you!!
Ouch! That really hurt!
You die... ..)..........>.#.# . ........##.#.....# #. { #########.....#..###### .{# ...#....#.#####........ gg{

#.........# #..#.####
#{####.#.##.#..####........
#.)gg.......#..#...........
#....###g..#g....#.##.##.####
#.... #..§○@#..##.##....#
....... #.#§#....##.#######
....... #.#.#.#........#
.....## #.#.#.###...##.#
..... #.#...# ######'# .....
#.##### #≈≈≈≈## #.. #...≈ ..
#...≈ #...≈


You could see Robin and 3 goblins.

Vanquished Creatures
  A dart slug (D:1)
  4 ball pythons (D:1)
  3 bats (D:1)
  An endoplasm (D:1)
  3 giant cockroaches (D:1)
  7 goblins
  3 hobgoblins (D:1)
  2 jackals (D:1)
  2 kobolds (D:1)
  2 rats (D:1)
28 creatures vanquished.

Vanquished Creatures (others)
  4 toadstools (D:1)
4 creatures vanquished.

Grand Total: 32 creatures vanquished

Notes
Turn   | Place    | Note
-------+----------+-------------------------------------------
     0 | D:1      | enile the Formicid Hunter began the quest for the Orb.
     0 | D:1      | Reached XP level 1. HP: 16/16 MP: 1/1
    74 | D:1      | Reached XP level 2. HP: 23/23 MP: 2/2
   338 | D:1      | Reached XP level 3. HP: 29/29 MP: 3/3
   624 | D:1      | Found a faded altar of an unknown god.
   725 | D:1      | Prayed at the altar of an unknown god.
   725 | D:1      | Became a worshipper of Lugonu the Unformed
   725 | D:1      | Reached * piety under Lugonu
   725 | D:1      | Reached ** piety under Lugonu
   873 | D:2      | Noticed Robin
   963 | D:2      | Killed by an exploding goblin... ignited by their inner
                  | flame

Illustrated notes

Levels and vault maps discovered:
D:1:      ldierk_walled_garden_2, layout_loops_cross, basic_ecumenical_altar
D:2:      layout_basic, chequers_serial_rivers_room_a,
          minmay_increasing_density, uniq_robin, uniq_crazy_yiuf_cottage

Skill      XL: |  1  2  3 |
---------------+----------+-----
Fighting       | 3 4 |  4.0
Slings         | |  4.3
Dodging        | |  1.7
Stealth        | |  1.2

Action                   || total
-------------------------++-------
 Fire: Hunting sling     ||    85
 Abil: Dig               ||     1
  Use: Scroll            ||     1
Armor: Leather armour    ||    22
Dodge: Dodged            ||    30

Table legend: (Time is in decaauts)
 A = Elapsed time spent in this place.
 B = Non-inter-level travel time spent in this place.
 C = Inter-level travel time spent in this place.
 D = Time resting spent in this place.
 E = Time spent auto-exploring this place.
 F = Levels seen in this place.
 G = Mean time per level.
                   A        B        C        D        E       F      G
               +--------+--------+--------+--------+--------+-----+--------+
         Total |    990 |    885 |    105 |     73 |    639 |   2 |  495.0 |
       Dungeon |    990 |    885 |    105 |     73 |    639 |   2 |  495.0 |
               +--------+--------+--------+--------+--------+-----+--------+

Top non-repeatable levels by time:
     D:1: 899 daAuts
     D:2: 91 daAuts
